 Dungeon Sprint DCSS version 0.21-a0-110-g8e1637b (webtiles) character file.

126 Kidiri the Skirmisher (level 5, -4/36 HPs)
             Began as a Gargoyle Fighter on July 10, 2017.
             Was an Initiate of Okawaru.
             Slain by a two-headed ogre
             ... wielding a +0 giant club
              (18 damage)
             ... in the Dungeon (Sprint IX: "|||||||||||||||||||||||||||||").
             The game lasted 00:01:50 (192 turns).

Kidiri the Skirmisher (Gargoyle Fighter)             Turns: 192, Time: 00:01:51

Health: -4/36      AC: 19    Str: 19    XL:     5   Next: 10%
Magic:  5/5        EV:  5    Int: 12    God:    Okawaru [......]
Gold:   0          SH: 10    Dex: 13    Spells: 4/4 levels left

rFire    . . .     SeeInvis .   a - +0 flail
rCold    . . .     Gourm    .   c - +0 shield
rNeg     + . .     Faith    .   r - +0 plate armour
rPois    ∞         Spirit   .   q - +0 helmet
rElec    +         Reflect  .   (no cloak)
rCorr    .         Harm     .   (no gloves)
MR       .....     NoTele   +   p - +0 pair of boots
Stlth    ..........             (no amulet)
HPRegen  0.12/turn              b - +3 ring of intelligence
MPRegen  0.09/turn              s - +3 ring of dexterity

@: no status effects
A: negative energy resistance 1, electricity resistance, unbreathing,
petrification resistance, rot immunity, AC +4
a: Renounce Religion


You were in the Dungeon.
You worshipped Okawaru.
Okawaru was noncommittal.
You were not hungry.

You visited 1 branch

Inventory:

Hand Weapons
 a - a +0 flail (weapon)
Armour
 c - a +0 shield (worn)
 p - a +0 pair of boots (worn)
 q - a +0 helmet (worn)
 r - a +0 plate armour (worn)
Jewellery
 b - a +3 ring of intelligence (left hand)
 s - a +3 ring of dexterity (right hand)
Wands
 o - a wand of lightning (7/15)
Scrolls
 k - 2 scrolls of blinking
 m - 3 scrolls of remove curse
 n - 2 scrolls of amnesia
Potions
 d - a potion of might
 e - 5 potions of curing
 g - 3 potions of heal wounds
 h - a potion of haste
 i - 4 potions of magic
 j - a potion of invisibility
Comestibles
 f - a bread ration
 l - 5 chunks of flesh


   Skills:
 * Level 6.0 Fighting
 * Level 4.9 Maces & Flails
 * Level 5.9 Armour
 + Level 2.4 Dodging
 * Level 5.8 Shields
 + Level 0.0 Invocations


You had 4 spell levels left.
You didn't know any spells.

Dungeon Overview and Level Annotations

Branches:
Dungeon (1/1)

Altars:
Cheibriados
Dithmenos
Elyvilon
Fedhas
Gozag
Hepliaklqana
Kikubaaqudgha
Makhleb
Nemelex Xobeh
Okawaru
Qazlal
Ru
Sif Muna
Trog
Uskayaw
Vehumet
Wu Jian
Xom
Yredelemnul
Zin
The Shining One
Beogh
Jiyva
Lugonu


Innate Abilities, Weirdness & Mutations

You are resistant to torment.
Your stone body is resilient. (AC +4)
You are immune to poison.
You resist negative energy. (rN+)
You are resistant to electric shocks. (rElec)
You can survive without breathing.
You are immune to petrification.
You are immune to rotting.


Message History

Unknown command.
You sock the two-headed ogre!
The two-headed ogre is moderately wounded.
The two-headed ogre hits you but does no damage. x2
Unknown command.
You hit the two-headed ogre.
The two-headed ogre is heavily wounded.
You block the two-headed ogre's attack. The two-headed ogre barely misses you.
Unknown command.
You hit the two-headed ogre.
The two-headed ogre is heavily wounded.
The two-headed ogre hits you with a giant club.
You block the two-headed ogre's attack.
Unknown command.
You hit the two-headed ogre but do no damage.
The two-headed ogre is heavily wounded.
The two-headed ogre hits you with a giant club!
The two-headed ogre hits you with a giant club!!
Ouch! That really hurt!
You die...

▓.▓
▓.▓
▓|▓
▓)▓
▓.▓
▓.▓
▓[▓
▓.▓
▓@▓
▓O▓
▓s▓
▓c▓
▓a▓
▓a▓
▓a▓
▓.▓


You could see a two-headed ogre, a soldier ant, a centaur, a scorpion and 2
worker ants.

Vanquished Creatures
  An ice beast (D)
  A worker ant (D)
  A leopard gecko (D)
  3 giant cockroaches (D)
  A goblin (D)
  2 frilled lizards (D)
  A quokka zombie (D)
10 creatures vanquished.

Notes
Turn   | Place    | Note
-------+----------+-------------------------------------------
     0 | D        | Kidiri the Gargoyle Fighter began the quest for the Orb.
     0 | D        | Reached XP level 1. HP: 14/14 MP: 1/1
    85 | D        | Noticed an ice beast
    85 | D        | Noticed a worker ant
    86 | D        | Reached XP level 2. HP: 20/20 MP: 2/2
    92 | D        | Killed an ice beast
    92 | D        | Reached skill level 5 in Fighting
    92 | D        | Reached skill level 5 in Armour
    92 | D        | Reached skill level 5 in Shields
    92 | D        | Reached XP level 3. HP: 27/27 MP: 3/3
    92 | D        | Reached XP level 4. HP: 32/32 MP: 4/4
   100 | D        | Reached skill level 6 in Fighting
   100 | D        | Reached XP level 5. HP: 36/36 MP: 5/5
   108 | D        | Found a roughly hewn altar of Beogh.
   108 | D        | Found a snail-covered altar of Cheibriados.
   108 | D        | Found a shadowy altar of Dithmenos.
   108 | D        | Found a white marble altar of Elyvilon.
   108 | D        | Found a blossoming altar of Fedhas.
   108 | D        | Found an opulent altar of Gozag.
   109 | D        | Found a hazy altar of Hepliaklqana.
   110 | D        | Found a viscous altar of Jiyva.
   111 | D        | Found an ancient bone altar of Kikubaaqudgha.
   112 | D        | Found a corrupted altar of Lugonu.
   113 | D        | Found a burning altar of Makhleb.
   114 | D        | Found a sparkling altar of Nemelex Xobeh.
   115 | D        | Found an iron altar of Okawaru.
   116 | D        | Found a stormy altar of Qazlal.
   117 | D        | Found a sacrificial altar of Ru.
   118 | D        | Found a deep blue altar of Sif Muna.
   119 | D        | Found a bloodstained altar of Trog.
   120 | D        | Found a hide-covered altar of Uskayaw.
   121 | D        | Found a radiant altar of Vehumet.
   122 | D        | Found an ornate altar of the Wu Jian Council.
   123 | D        | Became a worshipper of Warmaster Okawaru
   124 | D        | Found a shimmering altar of Xom.
   125 | D        | Found a basalt altar of Yredelemnul.
   126 | D        | Found a glowing silver altar of Zin.
   127 | D        | Found a glowing golden altar of the Shining One.
   179 | D        | Noticed a centaur
   179 | D        | Noticed a two-headed ogre
   179 | D        | Noticed a soldier ant
   192 | D        | Slain by a two-headed ogre

Vault maps used:
D:        linesprint

Skill      XL: |  1  2  3  4 |
---------------+-------------+-----
Fighting       | 5 6 |  6.0
Maces & Flails | 4 |  4.9
Armour         | 5 |  5.9
Dodging        | 2 |  2.4
Shields        | 5 |  5.8

Action                   |  1- 3 |  4- 6 || total
-------------------------+-------+-------++-------
Melee: Flail             |    33 |    20 ||    53
  Use: Potion            |     1 |       ||     1
Armor: Scale mail        |    14 |     1 ||    15
       Plate armour      |       |     4 ||     4
Dodge: Dodged            |     7 |     4 ||    11
Block: Shield            |    15 |     8 ||    23
